 Dungeon Crawl Stone Soup version 0.23.2-30-g0e89c35649 (webtiles) character file.

Game seed: 3511553349593875546

479 Hatywr the Cudgeler (level 7, -2/70 HPs)
             Began as an Ogre Berserker on June 17, 2019.
             Was a Priest of Trog.
             Slain by an iguana (12 damage)
             ... on level 4 of the Dungeon.
             The game lasted 00:06:03 (3266 turns).

Hatywr the Cudgeler (Ogre Berserker)                Turns: 3266, Time: 00:06:04

Health: -2/70      AC:  3    Str: 24    XL:     7   Next: 11%
Magic:  7/7        EV: 10    Int:  8    God:    Trog [***...]
Gold:   196        SH:  0    Dex:  8    Spells: 6/6 levels left

rFire    . . .     SeeInvis .   a - +0 mace
rCold    . . .     Gourm    .   (no shield)
rNeg     . . .     Faith    .   b - +0 animal skin
rPois    .         Spirit   .   (helmet restricted)
rElec    .         Reflect  .   (no cloak)
rCorr    .         Harm     .   (gloves unavailable)
MR       ++...                  (boots unavailable)
Stlth    +.........             (no amulet)
HPRegen  1.21/turn              (no ring)
MPRegen  0.10/turn              (no ring)

@: berserk cooldown, regenerating, slowed, very slow
A: large, unfitting armour, tough skin 1
a: Berserk, Trog's Hand, Renounce Religion


You were on level 4 of the Dungeon.
You worshipped Trog.
Trog was most pleased with you.
You were near starving.

You visited 1 branch of the dungeon, and saw 4 of its levels.

You collected 196 gold pieces.

Inventory:

Hand Weapons
 a - a +0 mace (weapon)
Armour
 b - a +0 animal skin (worn)
Jewellery
 i - a cursed ring of poison resistance {unknown}
Scrolls
 d - 2 scrolls of teleportation {unknown}
 f - 2 scrolls of fog {unknown}
 h - 3 scrolls of magic mapping {unknown}
 j - 4 scrolls of identify {unknown}
 k - 2 scrolls of amnesia {unknown}
 l - 2 scrolls of remove curse {unknown}
 m - 2 scrolls of enchant weapon {unknown}
 n - a scroll of enchant armour {unknown}
 o - 5 scrolls of immolation {unknown}
Potions
 e - 2 potions of magic {unknown}
 g - a potion of brilliance {unknown}
 p - a potion of lignification {unknown}
 q - a potion of ambrosia {unknown}
 r - a potion of invisibility
Comestibles
 c - 2 rations
 s - 2 chunks of flesh


   Skills:
 - Level 4.0 Fighting
 + Level 7.2 Maces & Flails
 - Level 2.6 Dodging


You had 6 spell levels left.
You didn't know any spells.
Your spell library was empty.

Dungeon Overview and Level Annotations

Branches:
Dungeon (4/15)
 Temple: D:4-7

Altars:
Yredelemnul


Innate Abilities, Weirdness & Mutations

You are too large for most types of armour.
You have tough skin. (AC +1)


Message History

You kill the orc!
Trog accepts your kill.
An iguana comes into view.
Items here: ))))) [[[ ††† You see here a frilled lizard skeleton.
You barely miss the orc.
You feel the effects of Trog's Hand fading.
The orc hits you with a +0 flail.
You hit the orc.
The orc is moderately wounded.
The orc hits you with a +0 flail!
* * * LOW HITPOINT WARNING * * *
The iguana closely misses you. The orc barely misses you.
You thump the orc!
You kill the orc!
Trog accepts your kill. The iguana misses you. The iguana bites you!
* * * LOW HITPOINT WARNING * * *
The iguana bites you!
You die...

# .. #.## ... #.## .....
#.## ...... #.## ....##
#.## ......# #.##
.......## ##.##
........# #..##
.......@############.###
......l÷)))).........###
........###########...##
.....%..# ##....
........# #.#..
.......## #...# #.....#
##### ###### #


You could see an iguana.

Vanquished Creatures
  Sigmund (D:4)
  A phantom (D:4)
  2 orc wizards (D:4)
  9 adders
  An ooze (D:3)
  A worm (D:4)
  5 dart slugs
  A leopard gecko (D:2)
  10 orcs
  4 bats
  4 giant cockroaches
  7 goblins
  6 hobgoblins
  10 jackals
  8 kobolds
  3 quokkas
  2 ball pythons
  5 frilled lizards
  9 rats
89 creatures vanquished.

Notes
Turn   | Place    | Note
-------+----------+-------------------------------------------
     0 | D:1      | Hatywr the Ogre Berserker began the quest for the Orb.
     0 | D:1      | Reached XP level 1. HP: 24/24 MP: 1/1
    40 | D:1      | Reached skill level 3 in Maces & Flails
    52 | D:1      | Reached XP level 2. HP: 13/32 MP: 2/2
   622 | D:1      | Reached XP level 3. HP: 39/39 MP: 3/3
   640 | D:1      | Reached ** piety under Trog
  1121 | D:2      | Reached skill level 4 in Maces & Flails
  1246 | D:2      | Reached XP level 4. HP: 20/48 MP: 4/4
  1882 | D:2      | Found a basalt altar of Yredelemnul.
  2209 | D:3      | Reached skill level 5 in Maces & Flails
  2215 | D:3      | Reached XP level 5. HP: 39/54 MP: 5/5
  2772 | D:4      | Reached *** piety under Trog
  2869 | D:4      | Noticed a phantom
  2895 | D:4      | Killed a phantom
  2895 | D:4      | Reached skill level 6 in Maces & Flails
  2895 | D:4      | Reached XP level 6. HP: 13/62 MP: 6/6
  3220 | D:4      | Noticed Sigmund
  3239 | D:4      | Killed Sigmund
  3239 | D:4      | Reached skill level 7 in Maces & Flails
  3239 | D:4      | Reached XP level 7. HP: 24/70 MP: 7/7
  3266 | D:4      | Slain by an iguana

Skill      XL: |  1  2  3  4  5  6 |
---------------+-------------------+-----
Maces & Flails | 3 4 5 6 7 |  7.2
Fighting       | |  4.0
Dodging        | |  2.6

Action                   |  1- 3 |  4- 6 |  7- 9 || total
-------------------------+-------+-------+-------++-------
Melee: Mace              |    95 |   208 |    22 ||   325
Invok: Berserk           |     2 |     4 |       ||     6
       Trog's Hand       |       |       |     1 ||     1
  Eat: Chunk             |     3 |     9 |       ||    12
Armor: Animal skin       |    31 |    62 |     2 ||    95
Dodge: Dodged            |    73 |   147 |    10 ||   230
